Workbook
Name 가: 출장지!$G$1:$J$10
Name 국외여비단가: 출장지!$F$2:$J$37
Name 나: 출장지!$G$11:$J$19
Name 다: 출장지!$G$20:$J$28
Name 등급: [1]출장지!$F$2:$F$37
Name 등급: 출장지!$F$2:$F$37
Name 라: 출장지!$G$29:$J$37
Name 숙박비: [1]출장지!$I$2:$I$37
Name 숙박비: 출장지!$I$2:$I$37
Name 식비: [1]출장지!$J$2:$J$37
Name 식비: 출장지!$J$2:$J$37
Name 이름: #REF!
Name 이름: #REF!
Name 이름: #REF!
Name 이름: #REF!
Name 이름: #REF!
Name 일비: [1]출장지!$H$2:$H$37
Name 일비: 출장지!$H$2:$H$37
Name 직급: [1]출장지!$G$2:$G$37
Name 직급: 출장지!$G$2:$G$37
Name 출장국: 출장지!$B$2:$B$156

Sheet 2023 지원안내
A1: < 2023년도 CFB 학술활동경비 지원안내 >
E2: (2023.04.14 수정)
A3: ◈ 재원 : 식품바이오융합연구소 간접비회계
A4: ◈ 지원 대상기간 : 2023.03.01.~2024.01.31. (신청 마감 : ~2024.02.02)
A5: 구 분 | B5: 지원기준 및 내용 | C5: 신청시기 | D5: 지원 대상
D6: 겸무연구원 (전임교원) | E6: 전임연구인력 : 박사급 연구(교)원
A7: 국외학술회의참가경비 | B7: 연구소의 학술활동에 관련된 학술논문을 발표하는 자에 한하며, 항공료, 체재비, 등록비를 지원 (서울대여비규정 적용) | C7: 학술회의 참가 14일 전까지 | D7: 전년도 연구소 간접비 기여액 총액 범위 내에서 지원 ★ 본부/농생대 지원사업 우선 신청 권고 ★ | E7: 전년도 연구소 간접비 기여액 총액 범위 내에서 지원
B8: * 연간 250만원 이내에서 지원
A9: 논문게재료 | B9: 연구소 지원을 사사하거나 소속을 명기한 논문에 한하여 논문게재료 및 영문교정료 지원 | C9: 수시
B10: * 연간 200만원 이내에서 지원
A11: 과학자 초청경비 | B11: 외국인 저명 과학자를 초청하여 연구소 사업에 부합되는 학술발표를 하거나 공동연구를 수행할 경우에 한하며 항공료, 체재비, 강연료, 기타 비용을 지원 | C11: 초청 한 달 전까지
B12: * 연간 300만원 이내에서 지원
A13: 학술강연회 개최경비 | B13: 연구소의 학술활동과 관련된 학술강연회를 개최하는 경우 강연료 및 회의비(식대) 지원 | C13: 학술강연회 개최 14일 전까지 | D13: 제한 없음 | E13: 독립적으로 연구과제수행 시 지원 대상
B15: * 강연료 30만원 이내에서 지원
B16: * 회의비 10만원 이내에서 지원
A17: 연구실 안전관리비 | B17: 연구소로 간접비를 납부하는 과제에 한하여 지원 (폐액처리분담금, 연구활동종사자의 안전장비 구입 및 안전관련 교육 비용, 연구실 안전설비 설치 및 유지비, 연구실 안전점검 및 정밀안전진단 비용 등) | C17: 해당 연구과제의 연구기간 종료 한 달 전까지 | D17: 연구소로 간접비를 납부하는 과제에 한하여 지원 (연구실안전관리비 예산이 별도 책정되지 않은 과제에 한함) | E17: 연구소로 간접비를 납부하는 과제에 한하여 지원 (연구실안전관리비 예산이 별도 책정되지 않은 과제에 한함)
B18: * 연구비 1,000만원당 25,000원 이내에서 지원
B19: ※ 연구실안전관리비 예산이 별도로 책정된 과제의 경우에는 배분된 예산(산단 55%+관리기관 45%)이 관리기간으로 배분되므로, 배분된 예산의 범위 내에서 연구책임자가 사용 가능하며, 해당 연구과제 종료 한 달 전까지 청구 완료해야 함

Sheet 신청서식(제출서류) 목차
A1: [CFB] 학술활동지원 관련 신청서식(제출서류) 목차
A3: 구 분 | B3: 서식명 | D3: sheet (바로가기 클릭) | E3: < 참고사항 >
A4: 국외학술회의 참가경비 | B4: 서식 1-1 | C4: 국외학술회의 참가경비 지원신청서 | D4: 1 | E4: * 국외학술회의 참가 14일전까지 신청
B5: 서식 1-2 | C5: 부실학회 여부 관련 자가 체크 확인서 | D5: 1 | E5: * 지원신청서 제출시 함께 제출
B6: (산단서식) | C6: 국내외 출장신청(명령)서 | D6: 1-2 | E6: * 지원신청서 제출시 함께 제출
B7: 서식 1-3 | C7: 국외학술회의 참가 결과보고서 | D7: 1-3 | E7: * 결과보고서는 가급적 귀국 후 일주일 이내 제출
B8: (참고용) | C8: 국외여비 기준 | D8: (참고) | E8: * 지원경비 산출시 국외여비 처리기준 적용
B9: (참고용) | C9: 국외여행 경비부담증명서 | D9: (참고) | E9: * 경비부담증명서 필요시 작성하여 발급 요청 | G9: * 학술지 검색 결과 : 건전학술활동지원시스템 (https://safe.koar.kr)
A10: 논문게재료 | B10: 서식 2-1 | C10: 우수학술지 논문게재료 지원신청서 | D10: 2-1 | E10: < SAFE 안전등급에 따른 추가 제출서류 안내 > : 건전학술활동지원시스템(https://safe.koar.kr) 상 학술지의 검색 결과 (1) 특이사항 없음 : 지원 가능 (2) 안전등급 없거나 검색되지 않을 경우 : [서식 2-2], [서식 2-3], [서식 2-4] 추가 제출 (3) 부실, 주의, 논쟁중일 경우 : 지원 불가 | G10: SAFE 안전등급 | H10: 지원 | I10: 추가 제출서류
B11: 서식 2-2 | C11: 논문투고시 체크리스트 제출 대상 여부 확인서 | D11: 2-2 | G11: 특이사항 없음 | H11: O
B12: 서식 2-3 | C12: 논문 투고시 체크리스트 | D12: 2-2 | G12: 안전등급 없음 or 조회 불가 | H12: O | I12: [서식 2-2], [서식 2-3], [서식 2-4]
B13: 서식 2-4 | C13: 논문게재비용 지원 확인서 | D13: 2-2 | G13: 부실, 주의, 논쟁중 | H13: X
A14: 과학자 초청경비 | B14: 서식 3-1 | C14: 과학자 초청경비 지원신청서 | D14: 3-1 | E14: * 과학자초청 한 달 전까지 신청
B15: 서식 3-2 | C15: 과학자 초청활용 계획서 | D15: 3-1
B16: 서식 3-3 | C16: 과학자 초청활용 결과보고서 | D16: 3-2 | E16: * 결과보고서 및 정산서류는 가급적 3일 이내 제출
B17: 서식 3-4 | C17: 과학자 초청경비 지원금 정산서 | D17: 3-2
B18: 서식 3-5 | C18: 과학자 초청경비 지급영수증 (초청학자) | D18: 3-3
B19: 서식 3-6 | C19: 학술강연회 개최 결과보고서 (과학자 초청) | D19: 3-3
B20: 서식 3-7 | C20: 회의비 집행내역서 (과학자 초청) | D20: 3-3
A21: 학술강연회 개최경비 | B21: 서식 4-1 | C21: 학술강연회 개최경비 지원신청서 | D21: 4-1 | E21: * 학술강연회 개최 14일전까지 신청
B22: 서식 4-2 | C22: 학술강연회 개최 결과보고서 | D22: 4-1 | E22: * 학술강연회 개최 후 3일 이내 제출
B23: 서식 4-3 | C23: 학술강연회 관련 회의비 집행내역서 | D23: 4-1 | E23: * 회의비를 지원 요청한 경우 제출
B24: 서식 4-4 | C24: 학술강연회 강연료 청구서 (초빙연사) | D24: 4-2 | E24: * 연사에게 직접 송금하는 경우 제출
B25: 서식 4-5 | C25: 학술강연회 강연료 선지급 청구서 (주관책임자) | D25: 4-2 | E25: * 외국인 연사에게 주관책임자가 강연료를 선지급하는 경우 제출
B26: 서식 4-6 | C26: 비거주자 판정기준표 (초빙연사)-해당시 추가 제출 | D26: 4-2 | E26: * 183일 이상 해외 거주 내국인의 경우 추가 제출 (비과세를 원할 경우)
A27: 연구실 안전관리비 | B27: 서식 5-1 | C27: 연구실 안전관리비 지원신청서 (CFB) | D27: 5-1 | E27: * 해당 연구과제의 연구기간 종료 한 달 전까지 지원신청
B28: 서식 5-2 | C28: 연구실 안전관리비 지급청구서 (연구과제) | D28: 5-2 | E28: * 해당 연구과제의 연구기간 종료 한 달 전까지 지급청구
A29: 기타 활용서식 | B29: (참고용) | C29: 확인서(사유서) | D29: (참고) | E29: * 개인카드 사용 등 필요할 경우 추가 제출

Sheet 1
A1: [서식1-1] | B1: 국외학술회의 참가경비 지원신청서 | N1: [서식1-2] | O1: 부실학회 여부 관련 자가 체크 확인서
B2: [식품바이오융합연구소]
A3: 학술회의 | B3: 회 의 명 | N3: 부실학회에 대한 개요 및 참석 재발 방지에 대한 조언으로, 연구자가 스스로 의사결정을 내릴 수 있는 판단 근거를 아래와 같이 제공함
B4: 주관기관
B5: 회의기간 | C5: 45059 | I5: ~ | J5: 45061 | N5: 연번 | O5: 질문 | P5: 주의사항
B6: 여행기간 | C6: 출국일자 | E6: 45058 | I6: ~ | J6: 귀국일자 | L6: 45062 | N6: 1 | O6: 이 학회에 대하여 들어본 적이 있는가? | P6: 만약 들어본 적이 없다면 등록할 때 조심해야함
B7: 개최장소 | C7: 국가명 | E7: 미국 | I7: =VLOOKUP(E7,출장지!$B$2:$D$155,2,0) -> 가 | J7: 도시명 | L7: LA
A8: 신청자 (참가자) | B8: 소속 | E8: 부서 | J8: 직급 | L8: 성명 | N8: 2 | O8: 웹사이트와 e-mail 주소는 합법적으로 보이는가? | P8: e-mail이 무료계정이거나 URL이 무료 웹사이트라면 의심스러운 학회일 수 있음
B9: 농업생명과학대학
A10: 발표논문 | B10: 논문제목 | N10: 3 | O10: 존경하는 나의 동료가 이 학회에서 발표한 적이 있는가? | P10: 동료 등이 이 학회에 한번도 발표한 적이 없다면, 참석하기 전 두번 이상 고려할 것
B11: 발표구분 | C11: 구두발표 | E11: 포스터발표 | K11: 환율조회
A12: 참가경비 신청내역 (단위:원) | B12: 구분 | C12: 항공료 (A) | D12: 체 재 비 (B) (서울대학교 여비규정 준용, 2023.01.20) * 학회기간을 고려하여 전후 1일 추가 지원 | K12: 고시환율 | L12: 등록비 (C) | N12: 4 | O12: 추최측이 아첨하는 e-mail을 보내는가? | P12: 신뢰할 만한 학회는 생각을 공유하지만, 자부심을 치켜세우지 않음
K13: 1235.34
B14: 소요금액 | C14: 1200000 | D14: 일비 | E14: 50 | G14: X | H14: 5 | I14: =E14*H14 -> 250 | J14: = | K14: =IFERROR(ROUNDDOWN(I14*$K$13,-1),"") -> 308830 | N14: 5 | O14: 주최측은 이 학회가 권위 있는 학술대회라고 주장하는가? | P14: 주최측은 이 학회가 권위 있는 학술대회라고 주장하는가?
D15: 숙박비 | E15: 184 | G15: X | H15: 4 | I15: =E15*H15 -> 736 | K15: =IFERROR(ROUNDDOWN(I15*$K$13,-1),"") -> 909210
D16: 식비 | E16: 140 | G16: X | H16: 5 | I16: =ROUNDDOWN(($E$16*$H$16)-(($E$16/3)*$E$17),0) -> 606 | K16: =IFERROR(ROUNDDOWN(I16*$K$13,-1),"") -> 748610 | N16: 6 | O16: 누가 이 학회를 주관하고 있는지 알고 있는가? | P16: 우리가 알고 신뢰하는 전문적인 학술·과학기술협회나 단체에 의해 운영되지 않으면 조심할 것
D17: (식대제공횟수) | E17: 2
D18: 소계 (체재비) | E18: =K14+K15+K16 -> 1966650 | N18: 7 | O18: 주최자가 신속하게 논문 수락을 보증하는가? | P18: 의심스러운 학회는 논문 초록에 대하여 짧은 의사 결정 시간을 보장함
B19: 소요금액 산출합계 (A+B+C) | E19: =C14+E18+L14 -> 3166650 | I19: 지원신청 금액 | L19: 2500000
A20: 타재원 분담내역 (단위:원) | B20: 구분 | C20: 재원 | H20: 금액 | K20: 비고 | N20: 8 | O20: 주최자는 학회 논문을 학술지에 게재할 것을 보장하는가? | P20: 신뢰할 수 있는 학회는 동료평가 없이 논문 게재를 결코 보장하지 않음
B21: 항공료 | C21: (예시) 연구비 | K21: 과제번호 기재 (0652-202300**)
B22: 체재비 | C22: (예시) 지원기관명 (** 연구소) | N22: 9 | O22: 학회가 리조트나 관광명소에서 열리는가? | P22: 학회가 학문학적인 학회로 선전하는 것이 아니라 휴가로 선전한다면 약탈적인 학회일 수 있음
B23: 등록비 | C23: (예시) 마일리지
B24: 타재원 지원 합계액 | H24: =SUM(H21:J23) -> 0 | N24: 10 | O24: 이 학회가 사실이라고 보기에 너무 좋은가? | P24: 사실이라고 보기에 너무 좋으면 약탈적인 학회일 가능성이 있으므로, 조언자와 상의할 것
A25: 위와 같이 국외학술회의에 참가하고자 하오니 참가경비를 지원하여 주시기 바랍니다.
N26: <발췌: Avoiding Predatory Journals and Questionable Conference: A Resource Guide> (캘거리 대학, Sarah Elaine Eaton 교수 집필)
A27: 붙 임 | B27: 1. 행사 프로그램 사본 1부
B28: 2. 발표논문 사본 1부
B29: 3. 논문발표 수락서 사본 1부 ( ※ 행사 프로그램에 발표자명이 기재되어 있으면 제출하지 않아도 됨) | N29: 해외 학술활동을 위하여 위의 유의사항을 점검하였음을 확인합니다.
B30: 4. 항공료 신청 시 항공료 청구서 및 카드영수증 각 1부
B31: 5. 학회등록비 신청 시 증빙서류 및 송금영수증(카드영수증) 각 1부 | N31: (소속) | O31: =B9 -> 농업생명과학대학
A32: =TODAY() -> 45030 | N32: (부서) | O32: =E9 -> 0
N33: (직급) | O33: =J9 -> 0
A34: 신청자: | I34: =L9 -> 0 | L34: (인) | N34: (성명) | O34: =J9 -> 0 | P34: (인)
A35: 계좌이체 | B35: 은행명 | D35: 계좌번호 | K35: 예금주 | L35: =I34 -> 0

Sheet 1-2
A1: (산단 서식)
A3: 국외 출장 신청(명령)서
A5: 1. 출장사항
A6: 출장형태 | B6: 학회참석 및 발표
A7: 출장목적 | B7: ㅇㅇㅇㅇㅇㅇ 학회 포스터 발표
A8: 출장기간 | B8: 45022 | C8: 0.41666667 | D8: ~ | E8: 45026 | F8: 0.5 | G8: ( | H8: =DATEDIF(B8,E8,"d") -> 4 | I8: 박 | J8: =H8+1 -> 5 | K8: 일)
A9: 출장국(출장도시)
A10: 출장자 인적사항 | B10: 성명 | D10: 소속 | H10: 직급
B11: ='1'!L9 -> 0
A13: 2. 주요 출장 일정
A14: 날짜 | B14: 출발지 | C14: 도착지 | D14: 방문기관 | F14: 활동내용
A21: 위와 같이 출장을 신청합니다.
A23: 년 월 일
D25: 연구책임자 | J25: (인)
A27: 서울대학교 산학협력단

Sheet 1-3
A1: [서식1-3] | B1: 국외학술회의 참가 결과보고서
A3: 학술회의 | B3: 회 의 명
B4: 회의기간 | F4: ~
B5: 여행기간 | D5: 출국일자 | E5: 45058 | F5: ~ | G5: 귀국일자 | H5: ='1'!L6 -> 45062
B6: 개최장소 | D6: 국가명 | E6: ='1'!E7:H7 -> 미국 | G6: 도시명 | H6: ='1'!L7 -> LA
A7: 신청자 (참가자) | B7: 소속 | E7: 부서 | G7: 직급 | H7: 성명
B8: ='1'!B9:D9 -> 농업생명과학대학 | E8: ='1'!E9:I9 -> 0 | H8: ='1'!L9 -> 0
A9: 회의 참가 수행 사항 | B9: ■ 여행 및 회의 참가일정
B10: 45059 | E10: 인천 출발, LA 도착
B11: 45060 | E11: 학술대회 참석
B12: 45061 | E12: LA 출발
B13: 45062 | E13: 인천 도착
B16: ■ 상세 수행 내용 (발표논문명 등 구체적 내용 기입)
B17: <별지작성가능>
A29: 건의사항 | B29: <별지작성가능>
A33: 비고 (붙임자료) | B33: ◎ 여권사본 (출입국 확인 내용 포함, 전자여권일 경우 출입국사실증명원 첨부) 1부 ◎ 항공료 지원을 받은 경우 : boarding pass 제출

Sheet (국외여비기준)
A1: < 서울대학교 국외 여비 처리기준 (연구비/간접비) >
A3: ※ 국외 여비 처리기준 관련 근거 : o 서울대학교 여비 규정 (2023.01.20. 개정)
A4: o 서울대학교 산학협력연구 연구비 산정기준 (2023.03.01. 개정)
A6: ◆ 항공료 지급 기준
A7: 구분 | B7: 해 당 자 | F7: 항공운임
A8: 제1호 | B8: 총장, 이사장 | F8: 실비 (1등석)
A9: 제2호 | B9: 가. 이사, 감사, 부총장, 평의원회 의장 및 부의장, 학(원)장, 자유전공학부장, 처ㆍ국장, 본부장, 중앙도서관장, 기초교육원장 | F9: 실비 (중간석)
B10: 나. 교수, 부교수, 조교수, 부설학교 교장, 교감, 1-4급 직원 / 책임연구원
A11: 제3호 | B11: 가. 14호봉 이상의 교사, 5급 직원 / 선임연구원 | F11: 실비 (2등석)
B12: 나. 제1호, 제2호 및 제3호 가목에 해당되지 않는 교직원 / 연구원 / 객원연구원
A14: ◆ 체재비 지급 기준 (국외여비 정액표)
A16: O 국가별 등급 구분표 ☞ 숙박비의 경우 할인정액으로 신청 | H16: O 국가별 등급 구분표
A17: (단위 : USD)
A18: 구 분 | B18: 지역 | C18: 일 비 | D18: 숙 박 비 | E18: 숙박비 할인정액 | F18: 식 비 | H18: 등급 | I18: 아시아·대양주 | J18: 남·북 아메리카주 | K18: 유 럽 주 | L18: 중동, 아프리카주
B19: 등급 | E19: (실비 상한액 숙박비의 80% 적용)
A20: 제1호 | B20: 가 | C20: 70 | D20: 실비(500 이내) | E20: 400 | F20: 200 | H20: 가 | I20: 일본, 홍콩, 오스트레일리아, 뉴질랜드, 싱가포르 | J20: 미국, 캐나다 | K20: 영국, 프랑스, 러시아, 노르웨이, 덴마크, 스웨덴, 스위스, 핀란드, 아일랜드, 네덜란드, 독일, 룩셈부르크, 벨기에 | L20: 해당지역 없음
B21: 나 | C21: 70 | D21: 실비(450 이내) | E21: 360 | F21: 150
B22: 다 | C22: 70 | D22: 실비(250 이내) | E22: 200 | F22: 120
B23: 라 | C23: 70 | D23: 실비(200 이내) | E23: 160 | F23: 100
A24: 제2호 가목의 해당자 | B24: 가 | C24: 60 | D24: 실비(300 이내) | E24: 240 | F24: 160 | H24: 나 | I24: 타이완, 중국, 우즈베키스탄, 인도, 카자흐스탄, 파푸아뉴기니, 대한민국 | J24: 멕시코, 브라질, 세이셸, 세인트루시아, 세인트키츠네비스, 아르헨티나, 아이티, 자메이카 | K24: 그리스, 스페인, 아이슬란드, 오스트리아, 우크라이나, 이탈리아, 포르투갈, 헝가리 | L24: 가봉, 남아프리카공화국, 리비아, 수단, 남수단, 아랍에미리트, 오만, 우간다, 이스라엘, 이집트, 카타르, 코트디부아르, 콩고민주공화국, 쿠웨이트
B25: 나 | C25: 60 | D25: 실비(240 이내) | E25: 192 | F25: 120
B26: 다 | C26: 60 | D26: 실비(180 이내) | E26: 144 | F26: 90
B27: 라 | C27: 60 | D27: 실비(130 이내) | E27: 104 | F27: 80
A28: 제2호 나목의 해당자 | B28: 가 | C28: 50 | D28: 실비(230 이내) | E28: 184 | F28: 140
B29: 나 | C29: 50 | D29: 실비(190 이내) | E29: 152 | F29: 100 | H29: 다 | I29: 마셜젣도, 말레이시아, 방글라데시, 베트남, 브루나이, 아제르바이잔, 인도네시아, 키르기즈공화국, 타이, 튀르키에, 파키스탄, 필리핀 | J29: 가이안, 니카라과, 도미니카공화국, 바베이도스, 베네수엘라, 벨리즈, 세인트빈센트그레나딘, 앤티가바부다, 우루과이, 칠레, 코스타리카, 트리니다드토바고, 파나마 | K29: 루마니아, 리투아니아, 불가리아, 세르비아, 몬테네그로, 슬로베니아, 마케도니아, 체코, 폴란드 | L29: 가나, 나이지리아, 니제르, 라이베리아, 모로코, 모리셔스, 모잠비크, 바레인, 보츠와나, 부르키나파소, 사우디아라비아. 상투메프린시페, 세네갈, 스와질란드, 시에라리온, 에티오피아, 요르단. 중앙아프리카공화국, 카메룬, 케냐, 탄자니아
B30: 다 | C30: 50 | D30: 실비(150 이내) | E30: 120 | F30: 80
B31: 라 | C31: 50 | D31: 실비(110 이내) | E31: 88 | F31: 70
A32: 제3호 가목의 해당자 | B32: 가 | C32: 40 | D32: 실비(200 이내) | E32: 160 | F32: 110
B33: 나 | C33: 40 | D33: 실비(170 이내) | E33: 136 | F33: 90
B34: 다 | C34: 40 | D34: 실비(120 이내) | E34: 96 | F34: 70
B35: 라 | C35: 40 | D35: 실비(100 이내) | E35: 80 | F35: 60
A36: 제3호 나목의 해당자 | B36: 가 | C36: 40 | D36: 실비(160 이내) | E36: 128 | F36: 90 | H36: 라 | I36: 네팔, 라오스, 미크로네시아, 몽골, 미얀마, 스리랑카, 캄보디아, 피지 | J36: 과테말라, 볼리비아, 수리남, 에콰도르, 엘살바도르, 콜롬비아, 파라과이, 페루 | K36: 몰도바, 보스니아헤르체코비나, 알바니아, 에스토니아, 크로아티아 | L36: 감비아, 기니비사우, 기니, 나미비아, 레바논, 레소토, 르완다, 마다가스카르, 말라위, 말리, 모리타니, 소말리아, 알제리, 예멘, 이라크, 이란, 잠비아, 짐바브웨, 튀니지
B37: 나 | C37: 40 | D37: 실비(140 이내) | E37: 112 | F37: 70
B38: 다 | C38: 40 | D38: 실비(100 이내) | E38: 80 | F38: 60
B39: 라 | C39: 40 | D39: 실비(90 이내) | E39: 72 | F39: 50
H40: * 비고 : 등급 구분에 없는 국가 및 도시는 목적지에서 위 국가의 수도까지의 거리가 가장 가까운 국가의 등급을 적용함

Sheet (경비부담증명서)
A1: 국외여행 경비부담증명서
A3: 1. 인적사항 | B3: 소속 | D3: 부서 | F3: 직급 | H3: 성명
B5: 농업생명과학대학
A7: 2. 여행사항 | B7: 여행목적
B10: 여행기간 | C10: 출국일자 | E10: ~ | F10: 귀국일자 | H10: ( 박 일)
B12: 목적지 | C12: 국가명 | F12: 도시명
A14: 3. 부담경비 | B14: 지원내역 | C14: 여비 | F14: 등록비
B18: 재원 | C18: 연구비 | F18: 연구비
C19: (과제번호 : 0652-2022****) | F19: (과제번호 : 0652-21******)
A22: 위와 같이 국외여행 경비를 부담할 예정임을 증명합니다.
A25: =TODAY() -> 45030
A28: 서울대학교 식품바이오융합연구소장 [직인]

Sheet 2-1
A1: [서식2-1] | B1: 논문게재료 지원신청서
B2: [식품바이오융합연구소]
A3: 신청자 | B3: 소속 | D3: 부서 | F3: 직급 | G3: 성명
B4: 농업생명과학대학
A5: 게재학술지명 | B5: (영문교정료 신청의 경우는 게재예정 학술지명 기재) | F5: ISSN | G5: 2169-3536
A7: 논문제목 | F7: 관련 과제번호
F8: 0652-
A9: 참여구분 | B9: 제1저자 | E9: 교신저자
A10: 신 청 액
A11: 구분 | B11: 외 화 | D11: 원 화 | G11: 환 율
A12: 게재료 | B12: 1200 | D12: =ROUNDDOWN(B12*$G$12,-1) -> 1320000 | G12: 1100
A13: 영문교정료 | D13: =ROUNDDOWN(B13*$G$12,-1) -> 0
A14: 기타 | D14: =ROUNDDOWN(B14*$G$12,-1) -> 0
A15: 계 | B15: =SUM(B12:C14) -> 1200 | D15: =SUM(D12:D14) -> 1320000 | G15: 환율조회
A16: 위와 같이 논문게재료를 신청하오니 지원하여 주시기 바랍니다.
A18: 붙 임 | B18: 1. 논문게재료(교정료) 청구서
B19: 2. 게재(교정) 논문 사본
B20: 3. 논문게재료(교정료) 영수증 - 해외거래업체 선결제의 경우 : 카드전표 포함 제출 - 거래업체로 계좌이체를 원할 경우 : 전자세금계산서 (서울대학교산학협력단 명의로 발행)
A23: =TODAY() -> 45030
E25: 신청자: | F25: =G4 -> 0 | H25: (인)
A26: 신청경비 지급방법 | B26: 법인카드 | C26: 연구소 법인카드 결제를 원칙으로 하며. 법인카드 결제가 어려울 경우 계좌이체를 신청하여 주시기 바랍니다.
B28: 계좌이체 | C28: 은행명 | F28: 예금주 | G28: =F25 -> 0
C29: 계좌번호

Sheet 2-2
A1: [서식2-2] | B1: 논문 투고시 체크리스트 제출 대상 여부 확인서 | I1: [서식2-3] | J1: 논문 투고시 체크리스트 | P1: [서식2-4] | R1: 논문게재비용 지원 확인서
A3: 소속 | C3: 농업생명과학대학 | E3: 부서 | I3: 연번 | J3: 점검사항 | K3: O/X | L3: 주의사항 | P3: 신청자 | S3: 구분 | T3: 게재일 | U3: 게재 학술지명 | V3: 인용색인 | W3: ISSN | X3: SAFE 안전등급 | Y3: 지원액 (원)
A4: 성명 | I4: 1 | J4: 이 학술지의 평판에 대해 잘 알고 있습니까? | L4: 부실 학술지의 경우 저명한 학술지와 매우 유사한 이름을 사용하여 연구자들을 혼란시키는 경우가 있음 다양한 학문 분야에 수많은 학술지를 편집하는 편집장이 있는 경우 부실 학술지의 가능성이 있음 | P4: 대학 | Q4: 부서 | R4: 성명
A5: 학술지명 | C5: ='2-1'!B5:E6 -> 0 | P5: =C3 -> 농업생명과학대학 | Q5: =F3 -> 0 | R5: =C4 -> 0 | S5: 게재료 | T5: 2023 -06-08 | U5: =H5 -> 0 | V5: SCIE | W5: =M5 -> 0 | X5: 안전등급 없음 | Y5: =J15 -> 0
A6: 발행기관명
A7: ISSN | C7: Print | E7: Online | I7: 2 | J7: 이 학술지는 귀하가 이용하는 논문 검색 서비스에서 색인이 가능합니까? | L7: SCI, KCI, SCOPUS 등 논문 검색서비스에 등록되어 있는지 확인 필요 * OA 저널의 경우 DOAJ(Directory of Open Access Journal), OASPA(Open Access Scholary Publishers’ Association) 리스트에 포함되어 있는지 확인
A8: 점검사항 | F8: 검색결과
A9: 건전학술활동지원시스템(https://safe.koar.kr) 상 학술지의 검색 결과가 무엇입니까? | F9: □ 검색되나 안전등급 없음 □ 검색되지 않음
I10: 3 | J10: 이전에 이 학술지에서 발표된 논문을 읽어본 적이 있습니까? | L10: 해당 학술지에서 발표된 논문을 읽어본 적이 없다면 투고 전 동료·조언자와 상의할 필요가 있음 | P10: 상기 학술지는 지원에 문제가 없음을 확인하였습니다.
A12: ='2-1'!A23:H23 -> 45030 | I12: 4 | J12: 이 학술지는 귀하의 연구성과 발표에 적합한 학술지입니까? | L12: 부실 추정 학술지의 경우 특정 학문 분야가 아닌 다양한 학문 분야의 논문을 게재하는 경우가 있음 | P12: 식품바이오융합연구소장 (직인)
A14: 학술지에 논문 투고 이전에 위의 사항을 확인하였습니다. | I14: 5 | J14: 출판사 연락처 등 관련 정보에 쉽게 접근할 수 있습니까? | L14: 부실 추정 학술지의 경우 운영진(편집부 등)의 정보가 불투명한 경우가 많음
C16: 확인자 : | D16: =C4 -> 0 | E16: (인) | I16: 6 | J16: 동료 평가와 그 절차를 명시하고 있습니까? | L16: 동료평가와 그 절차를 규정하지 않거나, 형식적인 동료심사와 절차를 보장하는 경우 부실 학술지의 가능성이 있음
I18: 7 | J18: 귀하의 논문 심사를 적절하게 진행할 것으로 판단됩니까? | L18: 게재를 보장(Guarantee)하거나 짧은 기간 내에 심사가 이루어진다고 선전한다면 부실 학술지의 확률이 높음
I20: 8 | J20: 어떤 비용을 청구할 것인지(또는 비용이 면제되는지) 명시하고 있습니까? | L20: 부실 학술지의 경우 논문심사료, 게재료가 명시되지 않고 논문 투고 후 또는 저작권 이양 후 과다한 논문 게재료 또는 심사료를 요구하는 경우가 있음
I23: 9 | J23: 위와 같이 확인하였음에도 해당 학술지가 부실 학술지로 판단되는 경우 ‘건전학술활동 지원시스템’에 신고하시겠습니까? | L23: 건전학술활동지원시스템(http://safe.koar.kr)의 ‘검토요청’ 항목에 신고 필요
I26: ※ 상기 체크리스트 답변 중 소명이 필요하다고 판단되는 경우 소명서 제출 가능
I27: =A12 -> 45030
I28: 학술지에 논문 투고 이전에 위의 유의사항을 점검하였음을 확인합니다.
I29: 서울대학교 | J29: =F3 -> 0 | M29: =C4 -> 0 | N29: (인)

Sheet 3-1
A1: [서식3-1] | B1: 과학자 초청경비 지원신청서 | M1: [서식3-2] | N1: 과학자 초청활용 계획서
B2: [식품바이오융합연구소] | N2: [식품바이오융합연구소]
A3: 신청자 | B3: 소속 | E3: 부서 | I3: 직급 | K3: 성명 | M3: 초청학자 인적사항 | N3: 소속 | O3: =C5 -> 0 | Q3: 부서 | R3: =J5 -> 0
B4: 농업생명과학대학 | N4: 성명 | O4: =C6 -> 0 | Q4: 직급 | R4: =J6 -> 0
A5: 초청학자 인적사항 (피초청자) | B5: 소속 | I5: 부서 | N5: 학력 및 주요경력 | P5: (별첨 이력서 참조)
B6: 성명 | I6: 직급 | M6: 초청목적 및 필요성 | N6: <별지작성가능>
B7: 여권번호 | F7: 생년월일 | J7: 국적
A8: 초청기간 | B8: 45055 | E8: ~ | F8: 45058 | J8: ="("&IF(COUNT($B$8,F$8)=2,$F$8-$B$8)&"박 "&IF(COUNT($B$8,$F$8)=2,$F$8-$B$8)+1&"일)" -> (3박 4일)
A9: 초청목적
M10: 초청학자의 전공분야와 관련된 학계 동향 | N10: <별지작성가능>
A12: 신청경비 (단위:원) | B12: 항공료 | C12: 체재비 | F12: 강연료 | I12: 기타비용 (회의비) | K12: 합계
C13: 300000 | D13: X | E13: =IF(COUNT($B$8,$F$8)=2,$F$8-$B$8)+1 -> 4 | F13: 300000 | G13: X | H13: 1
B14: 1400000 | C14: =C13*E13 -> 1200000 | F14: =F13*H13 -> 300000 | I14: 100000 | K14: =SUM(B14:J14) -> 3000000 | M14: 활용세부일정 | N14: 날짜 | O14: 세부일정 | R14: 비고
A15: 타재원 분담내역 (단위:원) | B15: 구분 | C15: 재원 | H15: 금액 | J15: 비고 | N15: =B8 -> 45055 | O15: 서울 도착
B16: 항공료 | C16: (예시) 연구비 | J16: 0652-202300** | N16: 45056 | O16: (예시) 초청자 연구실 방문 및 연구회의
B17: 체재비 | C17: (예시) 지원기관명 (** 연구소) | N17: 45057 | O17: (예시) 학술강연회 개최
B18: 강연료 | C18: (예시) 마일리지 | N18: 45058 | O18: 출국
B19: 타재원 지원 합계액 | H19: =SUM(H16:I18) -> 0
A20: 붙 임: | B20: 1. 과학자 초청활용 계획서 (초청학자 이력서 및 여권사본 제출)
B21: 2. 초청 수락서 1부 (영어 외 기타 언어의 경우 번역문 필수 제출) | M21: 활용계획 및 기대효과 | N21: < 학술강연회 개최 계획 >
B22: 3. 경비신청 증빙자료 (항공료 신청의 경우 : 운임 증빙) | N22: 주제
A23: 위와 같이 과학자를 초청하여 활용하고자 하오니 지원하여 주시기 바랍니다. | N23: 일시 | O23: 45057 | P23: 10:00-11:00 | Q23: 장소 | R23: 200-8112
N24: < 기타 활용계획 >
A25: =TODAY() -> 45030
A27: 신청자 : | I27: =J4 -> 0 | K27: (인)
N28: < 기대효과 >
A29: 신청경비 계좌이체 | B29: 은행명 | E29: 계좌번호 | J29: 예금주 | K29: =I27 -> 0
B30: 참고사항 | C30: 신청자가 선집행하고 결과보고서 제출 후 정산금액 입금 예정입니다

Sheet 3-2
A1: [서식3-3] | B1: 과학자 초청활용 결과보고서 | H1: [서식3-4] | I1: 과학자 초청경비 지원금 정산서
B2: [식품바이오융합연구소] | I2: [식품바이오융합연구소]
A3: 초청학자 인적사항 | B3: 소속 | C3: ='3-1'!C5:H5 -> 0 | E3: 부서 | F3: ='3-1'!R3 -> 0 | H3: 초청비용 | I3: 신청액 | J3: 집행액 | K3: 잔액
B4: 성명 | C4: ='3-1'!K4 -> 0 | E4: 직급 | F4: ='3-1'!R4 -> 0 | I4: ='3-1'!K14 -> 3000000 | J4: =I21 -> 3000000 | K4: =I4-J4 -> 0
A5: 초청기간 | B5: ='3-1'!N15 -> 45055 | C5: ~ | D5: ='3-1'!N18 -> 45058 | E5: ="("&IF(COUNT($B$5,D$5)=2,$D$5-B$5)&"박 "&IF(COUNT($B$5,$D$5)=2,$D$5-$B$5)+1&"일)" -> (3박 4일)
A6: 활용세부일정 | B6: 날짜 | C6: 세부일정 | F6: 비고 | H6: 항목 | I6: 집행액 | J6: 집행내역 | K6: 비고
B7: ='3-1'!N15 -> 45055 | C7: 서울 도착 | H7: 항공료 | I7: 1400000 | J7: (예시) $1,000 x \1,400/$ | K7: 2023-04-15 환율적용
H10: 체재비 | I10: 1200000 | J10: 초청기간 4일중 __일분 지급 : 300,000원/일 x 4일 | K10: 초청기간 (2023-05-09 ~ 2023-05-12)
A13: 자체평가분석 | H13: 강연료 | I13: 300000 | J13: 학술강연회(세미나) 강연료 : 300,000원 x 1회 | K13: 2023-04-16 (개최일 기재)
H16: 기타 경비 (회의비) | I16: 100000 | J16: (예시) 연구회의 1회 | K16: 2023-04-17 (개최일 기재)
A18: 기대효과
H19: 기타 경비 (******)
H21: 합계 | I21: =SUM(I7:I20) -> 3000000 | J21: 총집행액 (지급신청액)
A22: 특기사항
H23: <붙임자료> 경비집행 증빙서류 | I23: * 항공료/체재비/강연료 : 과학자 초청경비 지급 영수증 - 항공료 : 항공운임 증빙 (ticket 사본 + 영수증 + 환율증빙 + boading pass) - 체재비 : 숙박비 증빙 (숙박내역 + 영수증) - 강연료 : 학술강연회 개최 결과보고서 * 기타비용 (회의비) : 회의비 집행내역서 및 영수증
A24: 건의사항
A26: 붙임자료 | B26: 1. 초청경비 지원금 정산서 및 집행 증빙서류 2. 학술강연회 개최 결과보고서
I27: 신청자 : | J27: =C4 -> 0 | K27: (인)

Sheet 3-3
A1: [서식3-5] | B1: 과학자 초청경비 지급영수증 (초청학자) | I1: [서식3-6] | J1: 학술강연회 개최 결과보고서 (과학자 초청) | O1: [서식3-7] | P1: 회의비 집행내역서 (과학자초청)
B2: [식품바이오융합연구소] | M2: [식품바이오융합연구소] | S2: [식품바이오융합연구소]
A3: Receipt | I3: 초빙학자 | J3: 소속 | K3: =C5 -> 0 | L3: 부서 | M3: ='3-1'!R3 -> 0 | O3: 회의일시 | P3: =J9 -> 45057 | Q3: 11:00-12:00 | R3: 장소 | S3: 200-****
O4: 회의목적 및 회의내용
A5: Invited Speaker | B5: Affiliation | C5: ='3-1'!C5:H5 -> 0 | J5: 성명 | K5: =C6 -> 0 | L5: 직급 | M5: ='3-1'!R4 -> 0
B6: Name | C6: ='3-1'!C6:H6 -> 0 | E6: Date | F6: =J9 -> 45057
A7: Payment | B7: Airfare | C7: ='3-2'!I7:I9 -> 1400000 | D7: (Signature) | I7: 주제
B8: Staying Expense | O8: 참석자 | P8: 성명 | Q8: 소속(부서) | R8: 직급 | S8: 비고
B9: Lecture Fee | I9: 일시 | J9: 45057 | K9: 10:00-11:00 | L9: 장소 | M9: ='3-1'!R23 -> 200-8112 | P9: ='3-1'!K4 -> 0 | S9: 초청교수
B10: Total | C10: =SUM(C7:C9) -> 1400000 | P10: =K5 -> 0 | Q10: =M3 -> 0 | R10: =M5 -> 0 | S10: 초빙연사
A11: < Personal Information Collection and Usage Agreement > | I11: 참석인원 | J11: 서울대 | L11: 기타 | S11: 연구원
A12: ▶ The SNU R&DB Foundation retains personal information(including identifying information) for research management purposes. ▪ Required information : name, affiliation, position, account number, personal identification number, nationality, phone number, E-mail. ▪ Purpose of retention : research management related affairs including payment of the personnel expenses and incentive, tax affairs report, career certificate issuance. ▶ The collected personal information is retained in accordance with Article 31(Preservation of Related Documents) of the Seoul National University Research Funds Management Regulation. ▶ You may not agree to the collection of personal information(including identifying information), which can result in the restriction of payment of personnel expenses and allowances. | S12: 연구원
I13: 학술강연 요약 | J13: (예시: 학술강연내용 요약 : 학술강연회 사진 포함 가능) | S13: 연구원
O14: 참석인원 | P14: _명 | Q14: 회의비(식대) 집행액
O15: (회의비 영수증을 이곳에 붙여주세요)
A20: ○ Do you agree with the collection of your personal information and its utilization? | D20: Agree | F20: Disagree
A22: ○ Do you agree with the collection of your personal identification number and its utilization? | D22: Agree | F22: Disagree
A25: < Provision Agreement of Personal Information to a Third Party >
A26: ▶ The SNU R&DB Foundation handles the personal information of the user within the scope specified in the purpose of retention of the Personal Information Collection and Usage Agreement, and personal information is not handled beyond the specified scope or provided to a third party without prior consent of the user. However, for the following cases, personal information may be provided to a third party.
A29: ▪ The user have agreed to the provision of information to a third party beforehand. ▪ The provision is required by legislation. ▪ Receiving an agreement is significantly difficult due to economical/technical reasons, during the fulfillment of a contract on the provision of services. ▪ The provision of information is required anonymously, during the purpose of producing SNU statistics or academic research.
A34: ○ Do you agree with the provision of your personal information to a third party? | D34: Agree | F34: Disagree
O35: 비 고 | P35: ※ 회의비 단가 : 1인당 4만원 (단, 청탁금지적용 대상자와 회의했을 경우 1인당 3만원)

Sheet 4-1
A1: [서식4-1] | B1: 학술강연회 개최경비 지원신청서 | G1: [서식4-2] | H1: 학술강연회 개최 결과보고서 | M1: [서식4-3] | N1: 학술강연회 관련 회의비 집행내역서
E2: [식품바이오융합연구소] | K2: [식품바이오융합연구소] | Q2: [식품바이오융합연구소]
A3: 신청자 | B3: 소속 | C3: 부서 | D3: 직급 | E3: 성명 | G3: 신청자 | H3: 소속 | I3: 부서 | J3: 직급 | K3: 성명 | M3: 회의내용 | N3: 학술강연회(세미나) 개최 관련 연구회의
B4: 농업생명과학대학 | H4: =B4 -> 농업생명과학대학 | I4: =C4 -> 0 | J4: =D4 -> 0 | K4: =E4 -> 0 | M4: 회의일시 | N4: =B11 -> 2023-04-22 (금) | O4: =C11 -> 10:00-11:00 | P4: 장소 | Q4: =E11 -> 200-8112
A5: 초빙연사 | B5: 소속 | C5: 부서 | D5: 직급 | E5: 성명 | G5: 초빙연사 | H5: 소속 | I5: 부서 | J5: 직급 | K5: 성명 | M5: 참석자 | N5: 성명 | O5: 소속(부서) | P5: 직급 | Q5: 비고
H6: =B6 -> 0 | I6: =C6 -> 0 | J6: =D6 -> 0 | K6: =E6 -> 0 | N6: =E4 -> 0 | O6: =C4 -> 0 | P6: =D4 -> 0 | Q6: 초청교수
B7: 주민번호 | C7: (외국인의 경우 여권번호) | D7: 소득세공제(원천징수)를 위한 세무자료로 활용되오니 정확히 기재하여 주십시오. | G7: 주제 | H7: =B10 -> 0 | N7: =E6 -> 0 | O7: =B6 -> 0 | P7: =D6 -> 0 | Q7: 초빙연사
B8: 국적 | Q8: 연구원
B9: 거주지 주소 | C9: (183일 이상 해외에 거주하는 내국인의 경우는 해외 거주지 주소 기재) | G9: 일시 | H9: =B11 -> 2023-04-22 (금) | I9: =C11 -> 10:00-11:00 | J9: 장소 | K9: =E11 -> 200-8112 | Q9: 연구원
A10: 주제 | G10: 참석인원 | H10: 서울대 | J10: 기타 | M10: 참석인원 | N10: _명 | O10: 회의비(식대) 집행액
A11: 일시 | B11: 2023-04-22 (금) | C11: 10:00-11:00 | D11: 장소 | E11: 200-8112 | G11: 학술강연 요약 | H11: (예시: 학술강연내용 요약, 학술강연회 사진 첨부 가능) | M11: (회의비 영수증을 이곳에 붙여주세요)
A12: 신청경비 | B12: 강연료 | C12: 회의비 (식대) 신청 여부 | D12: Y N
B13: 300000 | C13: ☞ 회의비 신청 여부 해당 란에 ‘√’ 표시하여 주십시오 (연구소 법인카드로 결제하는 경우에 한하여 10만원 이내에서 지원)
B14: ☞ 강연료는 기타소득세 26,400원 공제 후 273,601원 입금 예정입니다. (단, 외국인 비거주자 등 조세법령에 따라 다르게 적용됩니다) ☞ 청탁금지법 대상자의 경우 (국공립대 소속, 공직자 등) 강연료 한도액 확인 후 신청하여 주십시오.
A15: 붙 임 | B15: 신청단계 | C15: 1. 연사 이력서 (자유 양식)
B16: 보고단계 | C16: 2. 학술강연회 개최 결과보고서 3. 학술강연회 관련 회의비 집행내역서 (회의비를 지원 요청한 경우) 4. 학술강연회 강연료 청구서 (연사에게 직접 송금하는 경우) 5. 학술강연회 강연료 선지급 청구서 (신청자가 선지급하는 경우) * 외국인의 경우 : 여권 사본 (또는 외국인등록증 사본) 추가 제출 6. 비거주자 판정기준표 (183일 이상 해외 거주 내국인의 경우 제출)
A17: 위와 같이 학술강연회(세미나) 개최 지원을 신청합니다.
A18: =TODAY() -> 45030
C19: 신청자 : | D19: =E4 -> 0 | E19: (인) | G19: 붙 임 | H19: ☞ 학술강연회 결과보고서는 행사 개최 후 6일 이내에 제출하여 주십시오. ☞ 학술강연회 관련 회의비(식대) 지원을 요청하신 경우 회의비 집행내역서(영수증 첨부)를 함께 제출하여 주십시오. ☞ 계좌입금의 경우 연사료 청구서를 제출하여 주시고, 연사료 계좌이체가 곤란한 비거주 외국인의 경우 신청자(주관책임자)가 선 지급한 연사료 영수증을 함께 제출하여 주십시오.
A20: 강연료 입금처 | B20: 은행명 | D20: 예금주
B21: 계좌번호 | M21: 비 고 | N21: ※ 회의비 단가 : 1인당 4만원 (단, 청탁금지적용 대상자와 회의했을 경우 1인당 3만원)

Sheet 4-2
A1: [서식4-4] | B1: 학술강연회 강연료 청구서 | I1: [서식4-5] | J1: 학술강연회 강연료 선지급 청구서 | Q1: [서식4-6] | R1: 비거주자 판정기준표
B2: (연사에게 직접 송금하는 경우) | J2: (외국인 연사에게 주관책임자가 강연료를 선지급하는 경우) | R2: (Criteria for Determination of Non-resident in Korea)
A4: 학술강연회 | B4: 주제 | I4: Receipt | Q4: 1. 소득자정보 (Beneficiary)
B5: 일시 | C5: ='4-1'!N4 -> 2023-04-22 (금) | D5: ='4-1'!C11 -> 10:00-11:00 | E5: 장소 | F5: ='4-1'!E11 -> 200-8112 | I5: Invited Speaker | J5: Affiliation | Q5: 성명 (Name of Individual) | S5: =G6 -> 0
A6: 초빙연사 | B6: 소속 | C6: ='4-1'!B6 -> 0 | D6: 직급 | E6: ='4-1'!D6 -> 0 | F6: 성명 | G6: ='4-1'!E6 -> 0 | J6: Name | K6: =G6 -> 0 | M6: Date | N6: 45038 | Q6: 주민(외국인)등록번호 (Resident(or Alien) No.)
A7: 지급내역 | B7: 강연료 | D7: 계좌이체정보 | I7: Payment | J7: Lecture Fee | K7: 300000 | M7: (Signature) | Q7: 생년월일 (Date of Birth)
D8: 은행명 | E8: 계좌번호 | G8: 예금주 | Q8: 주소 (Address)
B9: 300000 | D9: ='4-1'!C20 -> 0 | E9: ='4-1'!C21:C21 -> 0 | G9: =G6 -> 0 | I9: < Personal Information Collection and Usage Agreement >
I10: ▶ The SNU R&DB Foundation retains personal information(including identifying information) for research management purposes. ▪ Required information : name, affiliation, position, account number, personal identification number, nationality, phone number, E-mail. ▪ Purpose of retention : research management related affairs including payment of the personnel expenses and incentive, tax affairs report, career certificate issuance. ▶ The collected personal information is retained in accordance with Article 31(Preservation of Related Documents) of the Seoul National University Research Funds Management Regulation. ▶ You may not agree to the collection of personal information(including identifying information), which can result in the restriction of payment of personnel expenses and allowances. | Q10: 2. 납세자 구분 (Classification of taxpayers)
A11: < 개인정보 수집·이용 동의 > | Q11: criteria | T11: check
A12: ▶ 서울대학교 산학협력단에서는 연구관리 용도로 개인정보(고유식별정보 포함)를 보유하고 있습니다. | Q12: 국내에 주소를 두고 있습니까? | T12: Yes
A13: ▪ 필수정보 : 성명, 소속, 직위, 계좌번호, 주민등록번호(고유식별정보), 국적, 전화, 이메일 | Q13: (Do you have maintain your permanent home in Korea?) | T13: No
A14: ▪ 보유목적 : 인건비 및 수당 지급, 세무신고, 경력증명서 발급 등 연구관리 제반사항 | Q14: 2. 국내에 계속하여 1년 이상 거주하고 있거나 거주할 예정입니까? | T14: Yes
A15: ▶ 수집한 개인정보는「서울대학교 연구비관리 규정」 제31조(관계서류의 보존)에 따라 5년간 보관합니다. | Q15: (Are you present or to be present habitually in Korea for a period of one year or more?) | T15: No
A16: ▶ 개인정보(고유식별정보 포함) 수집에 동의하지 않을 수 있으나, 이 경우 인건비 및 수당지급이 제한될 수 있습니다. | Q16: 3. 국내에 계속하여 1년 이상 거주할 것을 필요로 하는 직업이 있습니까? | T16: Yes
Q17: (Do you have an occupation which would require you to reside in Korea for a period of one year or more?) | T17: No
A18: ○ 개인정보 수집 및 이용에 동의하십니까? | D18: 동의함 | E18: 동의하지 않음 | I18: ○ Do you agree with the collection of your personal information and its utilization? | L18: Agree | N18: Disagree | Q18: 4. 국내에 생계를 같이 하는 가족(배우자와 자녀)이 있습니까? | T18: Yes
A19: ○ 고유식별정보 수집 및 이용에 동의하십니까? | D19: 동의함 | E19: 동의하지 않음 | Q19: (Do you have a family (spouse, children, etc) in Korea who shares a living?) | T19: No
I20: ○ Do you agree with the collection of your personal identification number and its utilization? | L20: Agree | N20: Disagree | Q20: 5. 국내에 사업체, 부동산 등 생활의 근거를 가지고 있습니까? | T20: Yes
A21: < 개인정보의 제3자 제공 > | Q21: (Do you own an enterprise, real estate and other property in Korea which is the best of living?) | T21: No
A22: ▶ 서울대학교 산학협력단은 원칙적으로 이용자의 개인정보를 [개인정보의 수집 및 이용 동의] 보유목적에서 명시한 범위 내에서 처리하며, 이용자의 사전 동의 없이는 본래의 범위를 초과하여 처리하거나 제3자에게 제공하지 않습니다. 다만, 다음의 경우에는 개인정보를 제3자에게 제공할 수 있습니다.
I23: < Provision Agreement of Personal Information to a Third Party > | Q23: (위 항목 모두에 “No”에 체크한 경우 비거주자로 분류되며, 아래 표 기재 바람)
A24: ▪ 이용자가 사전에 제3자 제공 및 공개에 동의한 경우 ▪ 법령 등에 의해 제공이 요구되는 경우 ▪ 서비스의 제공에 관한 계약의 이행을 위하여 필요한 개인정보로서 경제적/기술적인 사유로 통상의 동의를 받는 것이 현저히 곤란한 경우 ▪ 통계작성 및 학술연구 등의 목적을 위해 필요한 경우로, 특정 개인을 알아볼 수 없는 형태로 개인정보를 제공하는 경우 | I24: ▶ The SNU R&DB Foundation handles the personal information of the user within the scope specified in the purpose of retention of the Personal Information Collection and Usage Agreement, and personal information is not handled beyond the specified scope or provided to a third party without prior consent of the user. However, for the following cases, personal information may be provided to a third party. | Q24: (If you answered “No” to all questions, then you are classified as a non-resident and fill out the table below)
Q26: 비거주자 (Non-Resident) | R26: 거주지국 (Country of Residence)
I27: ▪ The user have agreed to the provision of information to a third party beforehand. ▪ The provision is required by legislation. ▪ Receiving an agreement is significantly difficult due to economical/technical reasons, during the fulfillment of a contract on the provision of services. ▪ The provision of information is required anonymously, during the purpose of producing SNU statistics or academic research. | R27: 제출하는 증빙서류 (Attached documents) | S27: Passport
S28: Resident Card
S29: Personal Identification Card
A30: ○ 개인정보의 제3자 제공에 동의하십니까? | D30: 동의함 | E30: 동의하지 않음 | S30: etc
Q31: 위 기재내용이 틀림없음을 확인하며, 추후 허위기재로 인한 불이익 발생시 본인이 모든 책임을 질 것을 확약합니다.
I32: ○ Do you agree with the provision of your personal information to a third party? | L32: Agree | N32: Disagree
A33: 상기와 같이 학술강연회 강연료를 청구합니다. | Q33: I attest that all information provided above is true and I will bear the responsibility if any disadvantage occurs from false indication of the information.
C35: =C5 -> 2023-04-22 (금) | L35: 신청자 (주관책임자) : | N35: (인 or 서명) | R35: 44999
D37: 초빙연사 : | E37: =G6 -> 0 | F37: (인 or 서명) | I37: 입금계좌 | J37: 은행명 | L37: 계좌번호 | N37: 예금주 | O37: ='4-1'!D21 -> 0 | Q37: Name : | R37: =S5 -> 0 | S37: (Signature)

Sheet 5-1
A1: [서식5-1] | B1: 연구실 안전관리비 지원신청서 (CFB)
I2: [식품바이오융합연구소]
A3: 신청자 (연구책임자) | B3: 소속 | E3: 부서 | G3: 직급 | I3: 성명
B4: 농업생명과학대학
A5: 연구과제명 | G5: 과제번호 | H5: 0652-
A6: 연구기간 | B6: 44927 | D6: ~ | E6: 45291 | G6: 연구비총액
A7: 지원신청액 (단위 : 원) | B7: 예산 지원신청 가능액 (A) (지원기준 : 연구비 1,000만원당 25,000원 이내에서 지원) | E7: =H6/10000000*25000 -> 0 | F7: 기사용 누계 (B)
B8: 금회 청구액 (C) | F8: 사용 잔액 (D=A-B-C) | H8: =E7-H7-E8 -> 0
A9: 신청내역 (단위:원) | B9: 물품명 | E9: 용도 | F9: 수량 | G9: 단가 | H9: 금액
H10: =F10*G10 -> 0
H11: =F11*G11 -> 0
H12: =F12*G12 -> 0
H13: =F13*G13 -> 0
B14: 합계 (금회 지원신청액) | H14: =SUM(H10:H13) -> 0
A15: 위와 같이 연구실 안전관리비 지원을 신청합니다.
A16: 붙 임 | B16: 1. 증빙서류 : 견적서, 거래명세서 (검수자 서명) 등 첨부 요망
B17: 2. 거래업체로 계좌이체를 원할 경우 : 전자세금계산서 (서울대학교산학협력단 명의로 발행), 통장사본 및 사업자등록증 사본
B18: 3. 연구소 법인카드로 결제를 원할 경우 : 연구소 행정실을 방문하여 카드 결제
A20: =TODAY() -> 45030
E22: 신청자: | F22: =I4 -> 0 | H22: (인)
A24: 계좌이체 | B24: 은행명 | E24: 계좌번호 | H24: 예금주

Sheet 5-2
A1: [서식5-2] | B1: 연구실 안전관리비 지급청구서 (연구과제)
I2: [식품바이오융합연구소]
A3: 연구책임자 | B3: 소속 | E3: 부서 | G3: 직급 | I3: 성명
B4: 농업생명과학대학
A5: 연구과제명 | G5: 과제번호 | H5: 0652-
A6: 연구기간 | B6: 44927 | D6: ~ | E6: 45291 | G6: 연구비총액
A7: 지급청구액 (단위 : 원) | B7: 예산 배정액 (A) (연구실 안전관리비 책정 예산의 45%) | F7: 기사용 누계 (B)
B8: 금회 청구액 (C) | F8: 사용 잔액 (D=A-B-C) | H8: =E7-H7-E8 -> 0
A9: 청구내역 (단위:원) | B9: 물품명 | E9: 용도 | F9: 수량 | G9: 단가 | H9: 금액
H10: =F10*G10 -> 0
H11: =F11*G11 -> 0
H12: =F12*G12 -> 0
H13: =F13*G13 -> 0
B14: 합계 (금회 지급청구액) | H14: =SUM(H10:H13) -> 0
A15: 위와 같이 연구실 안전관리비 지급을 청구합니다.
A16: 붙 임 | B16: 1. 증빙서류 : 견적서, 거래명세서 (검수자 서명) 등 첨부 요망
B17: 2. 거래업체로 계좌이체를 원할 경우 : 전자세금계산서 (서울대학교산학협력단 명의로 발행), 통장사본 및 사업자등록증 사본
B18: 3. 연구소 법인카드로 결제를 원할 경우 : 연구소 행정실을 방문하여 카드 결제
A20: =TODAY() -> 45030
E22: =A3 -> 연구책임자 | F22: =I4 -> 0 | H22: (인)
A24: 계좌이체 | B24: 은행명 | E24: 계좌번호 | H24: 예금주

Sheet (확인서)
A1: 확 인 서
A3: 연구책임자 | B3: 소속 | C3: 부서 | E3: 직급 | F3: 성명
B4: 농업생명과학대학
A6: 사용세목 | B6: 사용내역 | C6: 사용일자 | D6: 사용금액(원) | E6: 사유
A7: 논문게재료 | B7: 법인카드(간접비) 미사용 | C7: 44986 | D7: 100000 | E7: (예시) 해외 거래업체로 온라인 결제를 위하여 부득이하게 개인 카드 사용
A8: 연구실 안전관리비 | B8: 법인카드(간접비) 미사용 | C8: 44986 | D8: 100000 | E8: (예시) 온라인 구매를 위하여 부득이하게 개인 카드 사용
A10: 해당 사용내역에 대해 위와 같이 소명하며, 추후 문제 발생 시 해결을 위해 책임을 다하겠습니다.
A12: =TODAY() -> 45030
D14: 연구책임자 | E14: =F4 -> 0 | F14: (인)
A16: 서울대학교 식품바이오융합연구소장 귀하

Sheet JCR지표(분야별)

Sheet 출장지
B1: 나라 | C1: 등급 | D1: 대륙 | F1: 등급 | G1: 직급 | H1: 일비 | I1: 숙박비 | J1: 식비 | L1: 직급
B2: 일본 | C2: 가 | D2: 아시아·대양주 | F2: 가 | G2: 교수 | H2: 50 | I2: 184 | J2: 140 | L2: 교수
B3: 홍콩 | C3: 가 | D3: 아시아·대양주 | F3: 가 | G3: HK교수 | H3: 50 | I3: 184 | J3: 140 | L3: HK교수
B4: 오스트레일리아 | C4: 가 | D4: 아시아·대양주 | F4: 가 | G4: 기금교수 | H4: 50 | I4: 184 | J4: 140 | L4: 기금교수
B5: 호주 | C5: 가 | D5: 아시아·대양주 | F5: 가 | G5: 부교수 | H5: 50 | I5: 184 | J5: 140 | L5: 부교수
B6: 뉴질랜드 | C6: 가 | D6: 아시아·대양주 | F6: 가 | G6: HK부교수 | H6: 50 | I6: 184 | J6: 140 | L6: HK부교수
B7: 싱가포르 | C7: 가 | D7: 아시아·대양주 | F7: 가 | G7: 기금부교수 | H7: 50 | I7: 184 | J7: 140 | L7: 기금부교수
B8: 싱가폴 | C8: 가 | D8: 아시아·대양주 | F8: 가 | G8: 조교수 | H8: 40 | I8: 160 | J8: 110 | L8: 조교수
B9: 미국 | C9: 가 | D9: 남·북아메리카주 | F9: 가 | G9: HK조교수 | H9: 40 | I9: 160 | J9: 110 | L9: HK조교수
B10: 캐나다 | C10: 가 | D10: 남·북아메리카주 | F10: 가 | G10: 기금조교수 | H10: 40 | I10: 160 | J10: 110 | L10: 기금조교수
B11: 영국 | C11: 가 | D11: 유럽주 | F11: 나 | G11: 교수 | H11: 50 | I11: 152 | J11: 100
B12: 프랑스 | C12: 가 | D12: 유럽주 | F12: 나 | G12: HK교수 | H12: 50 | I12: 152 | J12: 100
B13: 러시아 | C13: 가 | D13: 유럽주 | F13: 나 | G13: 기금교수 | H13: 50 | I13: 152 | J13: 100
B14: 노르웨이 | C14: 가 | D14: 유럽주 | F14: 나 | G14: 부교수 | H14: 50 | I14: 152 | J14: 100
B15: 덴마크 | C15: 가 | D15: 유럽주 | F15: 나 | G15: HK부교수 | H15: 50 | I15: 152 | J15: 100
B16: 스웨덴 | C16: 가 | D16: 유럽주 | F16: 나 | G16: 기금부교수 | H16: 50 | I16: 152 | J16: 100
B17: 스위스 | C17: 가 | D17: 유럽주 | F17: 나 | G17: 조교수 | H17: 40 | I17: 136 | J17: 90
B18: 핀란드 | C18: 가 | D18: 유럽주 | F18: 나 | G18: HK조교수 | H18: 40 | I18: 136 | J18: 90
B19: 아일랜드 | C19: 가 | D19: 유럽주 | F19: 나 | G19: 기금조교수 | H19: 40 | I19: 136 | J19: 90
B20: 네덜란드 | C20: 가 | D20: 유럽주 | F20: 다 | G20: 교수 | H20: 50 | I20: 120 | J20: 80
B21: 독일 | C21: 가 | D21: 유럽주 | F21: 다 | G21: HK교수 | H21: 50 | I21: 120 | J21: 80
B22: 록셈부르크 | C22: 가 | D22: 유럽주 | F22: 다 | G22: 기금교수 | H22: 50 | I22: 120 | J22: 80
... B37: 아르헨티나 | C37: 나 | D37: 남·북아메리카주 | F37: 라 | G37: 기금조교수 | H37: 40 | I37: 80 | J37: 60
B38: 아이티 | C38: 나 | D38: 남·북아메리카주
B39: 자메이카 | C39: 나 | D39: 남·북아메리카주
B40: 그리스 | C40: 나 | D40: 유럽주
B41: 스페인 | C41: 나 | D41: 유럽주
B42: 아이슬란드 | C42: 나 | D42: 유럽주
B43: 오스트리아 | C43: 나 | D43: 유럽주
B44: 우크라이나 | C44: 나 | D44: 유럽주
B45: 이탈리아 | C45: 나 | D45: 유럽주
B46: 포르투갈 | C46: 나 | D46: 유럽주
B47: 헝가리 | C47: 나 | D47: 유럽주
B48: 가봉 | C48: 나 | D48: 중동·아프리카주
B49: 남아프리카공화국 | C49: 나 | D49: 중동·아프리카주
... B155: 튀니지 | C155: 라 | D155: 중동·아프리카주
